 Dungeon Crawl Stone Soup version 0.30-b1-2-g02819fbbbe (webtiles) character file.

Game seed: 12321506131245537703

51 sanka the Ducker (level 3, 0/28 HPs)
             Began as a Merfolk Hexslinger on May 6, 2023.
             Slain by Terence
             ... wielding a +0 short sword
              (2 damage)
             ... on level 2 of the Dungeon.
             The game lasted 00:01:38 (1155 turns).

sanka the Ducker (Merfolk Hexslinger)               Turns: 1155, Time: 00:01:39

Health: 0/28       AC:  2    Str: 10    XL:     3   Next: 83%
Magic:  2/4        EV: 14    Int: 12    God:
Gold:   12         SH:  0    Dex: 16    Spells: 3/4 levels left

rFire   . . .        a - +1 sling
rCold   . . .        (no shield)
rNeg    . . .        c - +0 robe
rPois   .            (no helmet)
rElec   .            (no cloak)
rCorr   .            (no gloves)
SInv    .            (no boots)
Will    .....        (no amulet)
Stlth   +            (no ring)
HPRegen 0.24/turn    (no ring)
MPRegen 0.09/turn

%: no passive effects
@: attractive
A: (nimble swimmer 2), mertail
a: no special abilities


You were on level 2 of the Dungeon.
You visited 1 branch of the dungeon, and saw 2 of its levels.

You collected 12 gold pieces.

Inventory:

Hand Weapons
 a - a +1 sling (weapon)
Armour
 c - a +0 robe (worn)
Scrolls
 b - a scroll of poison {!r}
 d - a scroll of butterflies {unknown}
Potions
 f - a potion of attraction {!q}


   Skills:
 + Level 2.8 Fighting
 - Level 1.5 Ranged Weapons
 + Level 4.2 Dodging
 - Level 1.0 Spellcasting
 - Level 3.0 Hexes


You had 3 spell levels left.
You knew the following spells:

 Your Spells              Type           Power      Damage    Failure   Level
a - Slow                  Hex            28%        N/A       9%          1

Your spell library contained the following spells:

 Spells                   Type           Power      Damage    Failure   Level
 Inner Flame              Hex/Fire       4%         N/A       43%         3
 Portal Projectile        Hex/Tloc       8%         N/A       43%         3
 Gell's Gravitas          Tloc           0%         N/A       65%         3
 Teleport Other           Tloc           0%         N/A       65%         3
 Cause Fear               Hex            3%         N/A       65%         4
 Dispersal                Tloc           0%         N/A       100%        6


Dungeon Overview and Level Annotations

Branches:
Dungeon (2/15)

Altars:

Annotations:
D:2 Terence


Innate Abilities, Weirdness & Mutations

((You are very nimble when in or above water. (Stealth+, EV+, Speed+++)))
Your lower body shifts to a powerful aquatic tail in water.


Message History

Terence attacks as you move away! Terence closely misses you.
Terence attacks as you move away! Terence hits you with a +0 short sword.
* * * LOW HITPOINT WARNING * * *
Casting: Slow (safe; 9% risk of failure)
Confirm with . or Enter, or press ? or * to list all spells.
Aiming: Slow (safe; 9% risk of failure)
Press: ? - help, Shift-Dir - straight line, f/p - Terence
Aim: Terence, wielding a +0 short sword and wearing a +0 ring mail (moderately wounded, chance to affect: 50%) Terence resists with some effort.
Terence hits you with a +0 short sword.
* * * LOW HITPOINT WARNING * * *
Casting: Slow (safe; 9% risk of failure)
Confirm with . or Enter, or press ? or * to list all spells.
Aiming: Slow (safe; 9% risk of failure)
Press: ? - help, Shift-Dir - straight line, f/p - Terence
Aim: Terence, wielding a +0 short sword and wearing a +0 ring mail (moderately wounded, chance to affect: 50%) Terence resists with some effort.
Terence closely misses you.
Casting: Slow (safe; 9% risk of failure)
Confirm with . or Enter, or press ? or * to list all spells.
Aiming: Slow (safe; 9% risk of failure)
Press: ? - help, Shift-Dir - straight line, f/p - Terence
Aim: Terence, wielding a +0 short sword and wearing a +0 ring mail (moderately wounded, chance to affect: 50%) Terence seems to slow down.
Terence barely misses you. Terence is attracted toward you.
Terence shouts, "Now you die!"
You shoot a sling bullet. The sling bullet barely misses Terence.
Terence hits you with a +0 short sword.
* * * LOW HITPOINT WARNING * * *
You shoot a sling bullet. The sling bullet barely misses Terence.
Terence closely misses you.
You shoot a sling bullet. The sling bullet hits Terence.
Terence is moderately wounded.
Terence is no longer moving slowly.
You shoot a sling bullet.
The sling bullet hits Terence but does no damage.
Terence is moderately wounded.
Terence misses you. Terence hits you with a +0 short sword.
* * * LOW HITPOINT WARNING * * *
You shoot a sling bullet. The sling bullet barely misses Terence.
Terence hits you with a +0 short sword.
You die...

###### .......#.
.....#####
.#####.#.
....)#...### #.#.
...........### #.#.
.....#.......##
#.#.
#########.....##
..#. # ###...[##
..#. ###†..## #.
##..@### #########.
##..@.###
#..§...... #
##.....####.#######
##.......#.#
###.......#
###...### #####


You could see Terence.

Vanquished Creatures
  An adder (D:2)
  A dart slug (D:1)
  5 endoplasms
  4 giant cockroaches (D:1)
  5 goblins
  3 hobgoblins (D:1)
  4 kobolds (D:1)
  A quokka (D:1)
  4 ball pythons (D:1)
  3 bats (D:1)
  2 frilled lizards
  A rat (D:2)
34 creatures vanquished.

Vanquished Creatures (others)
  A plant (D:1)
1 creature vanquished.

Grand Total: 35 creatures vanquished

Notes
Turn   | Place    | Note
-------+----------+-------------------------------------------
     0 | D:1      | sanka the Merfolk Hexslinger began the quest for the Orb.
     0 | D:1      | Reached XP level 1. HP: 15/15 MP: 2/2
    58 | D:1      | Reached skill level 3 in Dodging
   104 | D:1      | Reached XP level 2. HP: 22/22 MP: 3/3
   527 | D:1      | Reached XP level 3. HP: 27/27 MP: 4/4
   794 | D:1      | Reached skill level 4 in Dodging
  1109 | D:2      | Noticed Terence
  1131 | D:2      | HP: 1/28 [Terence/+0 short sword (5)]
  1154 | D:2      | HP: 1/28 [Terence/+0 short sword (3)]
  1155 | D:2      | Slain by Terence

Illustrated notes

Levels and vault maps discovered:
D:1:      wander_arrival_desolate, layout_loops_corners, serial_bayou,
          serial_bayou_pond_d, serial_bayou_shore_b, serial_bayou_crossing,
          serial_bayou_shore_a, serial_bayou_pond_b, serial_bayou_pond_e
D:2:      layout_basic, serial_curves, eino_curves_04, eino_curves_01,
          eino_curves_03, eino_curves_01, shapermc_ecumenical_altar_petra,
          uniq_terence

Skill      XL: |  1  2  3 |
---------------+----------+-----
Dodging        | 3 4 |  4.2
Fighting       | 2 |  2.8
Ranged Weapons | |  1.5
Spellcasting   | |  1.0
Hexes          | |  3.0

Action                     || total
---------------------------++-------
   Fire: Sling             ||   103
   Cast: Slow              ||     4
    Use: Potion            ||     2
 Armour: Robe              ||     1
  Dodge: Dodged            ||    29
